AoeStats
← Hector

Arena

507542372Analyzed
3v3 RM · 13d ago on Sep 18, 2026· 50m 0s· 6 players
Game mode
Random Map
Map size
Normal (6 player)
Population
200
Speed
Normal
Resources
Standard
Victory
Conquest
Starting age
Dark Age
Ending age
Imperial Age
RankedLock teamsTeams togetherTeam positionsShared explorationLock speedFull tech treeHidden civsTurbo modeCheats
Victory
Defeat
🇭🇰 Mongols · Hong Kong SAR China
1482
+12
🇨🇴 Cumans · Colombia
1411
+15
🇦🇹 Ethiopians · Austria
1407
+15
🇨🇭 Celts · Switzerland
1432
-15
🇨🇭 Wu · Switzerland
1395
-14
🇩🇪 Lithuanians · Germany
1369
-13
Mr.Shrek
10:30 Feudal Age
14:15 Castle Age
12:34 Double-Bit Axe
13:20 Horse Collar
17:28 Loom
18:07 Fervor
18:35 Heavy Plow
18:49 Bow Saw
24:30 Wheelbarrow
24:41 Scale Barding Armor
28:55 Imperial Age
27:47 Bloodlines
28:15 Chain Barding Armor
29:13 Forging
29:36 Husbandry
28:59 Cavalier
30:20 Heavy Plow
31:41 Conscription
32:23 Plate Barding Armor
32:03 Gold Mining
36:28 Iron Casting
37:22 Paladin
42:15 Chemistry
42:01 Light Cavalry
43:15 Winged Hussar
45:48 Two-Man Saw
45:06 Hand Cart
Shellrock
11:01 Feudal Age
14:41 Castle Age
12:36 Double-Bit Axe
12:57 Horse Collar
14:22 Fletching
16:02 Bodkin Arrow
16:50 Bow Saw
17:27 Padded Archer Armor
18:08 Town Watch
20:19 Gold Mining
21:37 Red Cliffs Tactics
23:55 Leather Archer Armor
24:34 Wheelbarrow
25:12 Ballistics
29:47 Loom
32:11 Stone Mining
43:06 Imperial Age
41:27 Masonry
43:57 Bracer
44:15 Heavy Plow
47:00 Elite Skirmisher
th3g3ntl3man
12:08 Feudal Age
12:46 Double-Bit Axe
12:42 Horse Collar
13:00 Stone Mining
15:41 Castle Age
13:34 Gold Mining
17:23 Scale Mail Armor
21:42 Wheelbarrow
21:27 Loom
22:35 Forging
25:42 Chain Mail Armor
26:24 Bow Saw
26:36 Town Watch
29:49 Stronghold
30:16 Fletching
33:52 Imperial Age
31:49 Bodkin Arrow
33:03 Masonry
34:52 Iron Casting
34:56 Conscription
33:58 Capped Ram
35:05 Siege Ram
36:05 Pikeman
36:52 Halberdier
40:19 Plate Mail Armor
41:52 Blast Furnace
42:28 Arson
47:00 Treadmill Crane
48:37 Ballistics
Volrath
9:09 Feudal Age
9:39 Double-Bit Axe
9:36 Horse Collar
16:40 Wheelbarrow
17:43 Loom
20:02 Castle Age
17:57 Town Watch
18:27 Gold Mining
21:00 Bow Saw
20:51 Heavy Plow
21:08 Hand Cart
21:30 Gold Shaft Mining
21:08 Bloodlines
20:37 Capped Ram
26:28 Imperial Age
24:04 Stone Mining
25:03 Scale Barding Armor
25:10 Forging
26:15 Chain Barding Armor
25:29 Light Cavalry
26:33 Cavalier
28:16 Plate Barding Armor
28:17 Iron Casting
30:51 Siege Ram
32:49 Guilds
33:25 Paladin
35:52 Fletching
36:24 Ballistics
37:17 Bodkin Arrow
38:25 Chemistry
40:23 Blast Furnace
39:57 Conscription
39:39 Padded Archer Armor
39:52 Masonry
39:38 Murder Holes
40:29 Cuman Mercenaries
40:32 Pikeman
41:12 Squires
41:44 Scale Mail Armor
42:00 Leather Archer Armor
42:01 Halberdier
44:02 Chain Mail Armor
43:56 Hussar
46:29 Caravan
47:56 Hoardings
47:58 Steppe Husbandry
Hector
11:06 Feudal Age
12:45 Double-Bit Axe
15:00 Castle Age
12:43 Horse Collar
16:15 Bow Saw
16:06 Heavy Plow
25:38 Squires
28:17 Wheelbarrow
27:28 Loom
32:51 Imperial Age
30:37 Hand Cart
30:24 Scale Mail Armor
30:35 Forging
31:24 Masonry
31:04 Fletching
31:29 Town Watch
32:00 Chain Mail Armor
31:46 Gold Mining
31:47 Stone Mining
34:38 Chemistry
34:09 Plate Mail Armor
33:02 Halberdier
33:26 Onager
34:03 Arson
34:56 Conscription
34:46 Siege Engineers
35:18 Iron Casting
36:05 Architecture
35:31 Bodkin Arrow
37:47 Blast Furnace
36:48 Bracer
37:09 Ballistics
38:37 Onager
39:21 Royal Heirs
39:22 Torsion Engines
40:58 Two-Man Saw
40:00 Caravan
40:30 Coinage
43:46 Banking
43:25 Heavy Scorpion
45:37 Guilds
大庆Song
3:36 Loom
11:02 Feudal Age
12:52 Wheelbarrow
15:26 Castle Age
13:47 Double-Bit Axe
14:29 Stone Mining
15:29 Horse Collar
21:24 Heavy Plow
21:42 Bow Saw
22:05 Heavy Plow
22:30 Gold Mining
23:01 Fletching
23:50 Padded Archer Armor
23:46 Bodkin Arrow
25:23 Masonry
26:15 Leather Archer Armor
26:47 Bloodlines
28:51 Gold Shaft Mining
28:34 Hand Cart
33:46 Imperial Age
31:16 Light Cavalry
31:57 Husbandry
33:49 Elite Mangudai
35:07 Bracer
36:52 Conscription
37:42 Ballistics
38:28 Chemistry
39:46 Hoardings
39:56 Thumb Ring
40:17 Parthian Tactics
41:05 Coinage
41:16 Scale Barding Armor
42:25 Chain Barding Armor
42:55 Caravan
43:16 Forging
43:21 Nomads
44:24 Banking
44:10 Murder Holes
45:21 Iron Casting
45:24 Capped Ram
46:27 Drill
46:16 Siege Engineers
48:30 Hussar
Connection lost

Rejoining the realm…

Still unreachable

The connection could not be restored.

Session expired

The server has moved on; the page needs a fresh start.